 Dungeon Crawl Stone Soup version 0.24.0-13-gcf9b319 (console) character file.

Game seed: 1583890359691011345, levelgen mode: deterministic

147 ratboy the Chopper (level 5, -4/47 HPs)
             Began as a Hill Orc Fighter on Jan 29, 2020.
             Slain by a wight
             ... wielding a +4 scimitar
              (7 damage)
             ... on level 2 of the Dungeon.
             The game lasted 00:03:07 (1236 turns).

ratboy the Chopper (Hill Orc Fighter)               Turns: 1236, Time: 00:03:07

Health: -4/47      AC:  6    Str: 25    XL:     5   Next: 29%
Magic:  5/5        EV:  7    Int:  8    God:
Gold:   42         SH:  9    Dex: 10    Spells: 4/4 levels left

rFire    + . .     SeeInvis .   a - +0 war axe
rCold    + . .     Gourm    .   c - +0 shield
rNeg     . . .     Faith    .   b - +0 scale mail
rPois    .         Spirit   .   (no helmet)
rElec    .         Reflect  .   l - scarf {rC+ rF+}
rCorr    .         Harm     .   (no gloves)
MR       .....                  (no boots)
Stlth    ..........             (no amulet)
HPRegen  0.15/turn              (no ring)
MPRegen  0.09/turn              (no ring)

@: mighty, heavily drained
A: no striking features
a: no special abilities


You were on level 2 of the Dungeon.
You were very hungry.

You visited 1 branch of the dungeon, and saw 2 of its levels.

You collected 42 gold pieces.

Inventory:

Hand Weapons
 a - a +0 war axe (weapon)
Missiles
 i - 7 boomerangs (quivered)
Armour
 b - a +0 scale mail (worn)
 c - a +0 shield (worn)
 k - a +0 cloak
 l - a scarf of resistance (worn)
Scrolls
 h - a scroll of blinking {unknown}
 j - a scroll of identify {unknown}
Potions
 d - a potion of might
 e - a potion of mutation {unknown}
 m - a potion of lignification {unknown}
Comestibles
 f - 2 rations


   Skills:
 + Level 4.5(3.0) Fighting
 * Level 5.0(3.4) Axes
 - Level 3.2(1.8) Armour
 * Level 4.6(3.1) Shields


You had 4 spell levels left.
You didn't know any spells.
Your spell library was empty.

Dungeon Overview and Level Annotations

Branches:
Dungeon (2/15)

Altars:


Message History

The wight hits you with a +4 scimitar!
* * * LOW HITPOINT WARNING * * *
You hit the wight.
The wight is heavily damaged.
The wight hits you but does no damage.
You closely miss the wight.
The wight is heavily damaged.
The wight hits you with a +4 scimitar!
* * * LOW HITPOINT WARNING * * *
You hit the wight.
The wight is severely damaged.
The wight hits you with a +4 scimitar!
* * * LOW HITPOINT WARNING * * *
You feel drained.
You feel very mighty all of a sudden. You block the wight's attack.
Your shield and scale mail prevent you from hitting the wight.
The wight is severely damaged.
The wight hits you with a +4 scimitar!
You die...

..## #..# ..## #..# #######
#..### ##.....## #....#####
##.......## #..#.....###
#.........#
#######z..........
#...).....#
#....z..##.####..
#....<....#####.########.##
#...............########..#
#.................oz..###.z#
#.........###########...##.#
#.........# ###....#
#......<..# #......
#.........# ......
#.........# .....
##.......## ..... #...≈..##
.... #..≈...# #### #..≈...#
#...≈.## #.....# ##..###
####


You could see a wight.

Vanquished Creatures
  2 wights
  A crimson imp (D:2)
  An adder (D:1)
  A dart slug (D:1)
  A leopard gecko (D:1)
  3 bats (D:1)
  2 giant cockroaches (D:1)
  4 goblins (D:1)
  2 hobgoblins (D:1)
  3 jackals (D:1)
  A frilled lizard (D:1)
  2 kobolds (D:1)
23 creatures vanquished.

Notes
Turn   | Place    | Note
-------+----------+-------------------------------------------
     0 | D:1      | ratboy the Hill Orc Fighter began the quest for the Orb.
     0 | D:1      | Reached XP level 1. HP: 19/19 MP: 1/1
   225 | D:1      | Reached skill level 3 in Axes
   250 | D:1      | Reached XP level 2. HP: 27/27 MP: 2/2
   717 | D:1      | Reached XP level 3. HP: 33/33 MP: 3/3
   874 | D:2      | Reached skill level 4 in Axes
   874 | D:2      | Reached XP level 4. HP: 37/40 MP: 4/4
  1124 | D:2      | Reached skill level 5 in Axes
  1124 | D:2      | Reached XP level 5. HP: 35/47 MP: 5/5
  1234 | D:2      | HP: 2/47 [wight/+4 scimitar (7)]
  1236 | D:2      | Slain by a wight

Levels and vault maps discovered:
D:1:      tarquinn_simple_flora_water_f, layout_rooms, minmay_misc_feat_encased,
          minmay_misc_feat_room, due_unseen_surprise
D:2:      layout_rooms, serial_rivers, chequers_serial_rivers_room_a,
          chequers_serial_rivers_room_b, chequers_serial_rivers_room_a,
          chequers_serial_rivers_marsh, chequers_serial_rivers_micro_c,
          chequers_serial_rivers_micro_c

Skill      XL: |  1  2  3  4 |
---------------+-------------+-----
Axes           | 3 4 5 |  5.0
Fighting       | 4 |  4.5
Shields        | 4 |  4.6
Armour         | |  3.2

Action                   |  1- 3 |  4- 6 || total
-------------------------+-------+-------++-------
Melee: War axe           |    72 |    34 ||   106
  Use: Potion            |       |     1 ||     1
Armor: Scale mail        |    29 |     3 ||    32
Dodge: Dodged            |    28 |     4 ||    32
Block: Shield            |    42 |    18 ||    60
